 Dungeon Crawl Stone Soup version 0.18.1-48-g4cf74bf (webtiles) character file.

1185 Inkary the Skirmisher (level 8, -17/71 HPs)
             Began as a Minotaur Berserker on Sept 4, 2016.
             Was a Priest of Trog.
             Demolished by an orc warrior
             ... wielding a +0 glaive
              (18 damage)
             ... on level 6 of the Dungeon.
             The game lasted 00:07:11 (4477 turns).

Inkary the Skirmisher (Minotaur Berserker)          Turns: 4477, Time: 00:07:12

Health: -17/71     AC:  8    Str: 22    XL:     8   Next: 19%
Magic:  7/7        EV: 13    Int:  4    God:    Trog [***...]
Gold:   253        SH:  0    Dex: 12    Spells: 0 memorised, 7 levels left

rFire  . . .     SeeInvis .     a - +0 mace
rCold  . . .     Gourm    .     p - +0 ring mail
rNeg   . . .     Faith    .     (no shield)
rPois  .         Spirit   .     (helmet restricted)
rElec  .         Dismiss  .     v - +0 cloak
rCorr  .         Reflect  .     (no gloves)
SustAt .         Harm     .     l - +0 pair of boots
MR     ++...                    (no amulet)
Stlth  +.........               (no ring)
                                (no ring)

@: regenerating, very resistant to hostile enchantments, very unstealthy
A: retaliatory headbutt, horns 2
a: Berserk, Trog's Hand, Burn Spellbooks, Renounce Religion


You were on level 6 of the Dungeon.
You worshipped Trog.
Trog was most pleased with you.
You were hungry.

You visited 2 branches of the dungeon, and saw 7 of its levels.

You collected 253 gold pieces.

Inventory:

Hand Weapons
 a - a +0 mace (weapon)
Armour
 l - a +0 pair of boots (worn)
 p - a +0 ring mail (worn)
 v - a +0 cloak (worn)
Rods
 A - a +2 lightning rod (14/14)
   (You found it on level 6 of the Dungeon)
Jewellery
 b - an uncursed ring of positive energy {unknown}
 y - an uncursed amulet of regeneration {unknown}
 z - an uncursed ring of see invisible {unknown}
Wands
 o - a wand of flame (12/48)
Scrolls
 g - 2 scrolls of teleportation {unknown}
 n - 2 scrolls of immolation {unknown}
 q - 2 scrolls of identify {unknown}
 t - a scroll of remove curse {unknown}
 u - a scroll of amnesia {unknown}
 w - 2 scrolls of magic mapping {unknown}
 C - a scroll of enchant armour {unknown}
Potions
 d - 2 potions of mutation {unknown}
 e - 2 potions of degeneration {unknown}
 f - a potion of brilliance {unknown}
 h - 2 potions of curing {unknown}
 i - a potion of might {unknown}
 j - a potion of lignification {unknown}
 k - a potion of haste {unknown}
 m - 2 potions of cancellation {unknown}
 r - a potion of flight {unknown}
 s - a potion of berserk rage {unknown}
 x - 2 potions of heal wounds {unknown}
Comestibles
 c - 3 bread rations
 B - 5 chunks of flesh


   Skills:
 + Level 6.9 Fighting
 + Level 6.6 Maces & Flails
 + Level 6.1 Armour
 + Level 6.0 Dodging


You had 7 spell levels left.
You didn't know any spells.

Dungeon Overview and Level Annotations

Branches:
Dungeon (6/15)             Temple (1/1) D:4

Altars:
Ashenzari
Cheibriados
Dithmenos
Fedhas
Gozag
Makhleb
Nemelex Xobeh
Okawaru
Pakellas
Qazlal
Ru
Xom
Yredelemnul
Zin


Innate Abilities, Weirdness & Mutations

You reflexively headbutt those who attack you in melee.
You have a pair of horns on your head.


Message History

You are too injured to fight recklessly!
You are too injured to fight recklessly!
You are too injured to fight recklessly!
You are too injured to fight recklessly!
You are too injured to fight recklessly!
You are too injured to fight recklessly!
You are too injured to fight recklessly!
You are too injured to fight recklessly!
Unknown command.
The orc warrior hits you from afar with a glaive!
* * * LOW HITPOINT WARNING * * *
You see here a falchion.
Unknown command.
Your skin crawls.
You feel resistant to hostile enchantments.
You are feeling hungry.
The orc hits you from afar with a trident.
* * * LOW HITPOINT WARNING * * *
The orc warrior hits you from afar with a glaive!!
You die...

.#..#..### .#..#....#
(..$.. ......##.#####
..... .......#...#.
.... .))..#....... ...
. ..##..##.#..# .. ...
.........##.# .##...#
.....#.####.######o...#
.....#..........@%o!..#
.#...##...............#
.#...###..............#
##...##....############
#>.....#### ..#####


You could see an orc warrior and an orc.

Vanquished Creatures
  A black bear (D:4)
  An orc warrior (D:5)
  An ogre (D:5)
  2 centaurs (D:6)
  Blork the orc (D:4)
  2 water moccasin skeletons
  2 hounds
  A giant frog skeleton (D:4)
  3 orc wizards
  An orc priest (D:5)
  A centaur skeleton (D:4)
  2 iguanas
  4 worker ants
  A hound zombie (D:5)
  9 adders
  A gnoll (D:1)
  An ooze (D:5)
  2 adder skeletons (D:6)
  2 worms (D:4)
  2 dart slugs (D:1)
  5 giant geckos
  14 orcs
  5 bats
  6 giant cockroaches
  8 goblins
  3 jackals (D:3)
  12 kobolds
  3 quokkas
  3 ball pythons
  4 giant newts
  9 rats
112 creatures vanquished.

Notes
Turn   | Place    | Note
--------------------------------------------------------------
     0 | D:1      | Inkary the Minotaur Berserker began the quest for the Orb.
     0 | D:1      | Reached XP level 1. HP: 19/19 MP: 0/0
    76 | D:1      | Reached XP level 2. HP: 27/27 MP: 1/1
   156 | D:1      | Reached XP level 3. HP: 20/33 MP: 2/2
   372 | D:2      | Reached ** piety under Trog
   484 | D:2      | Found a blossoming altar of Fedhas.
   738 | D:2      | Reached XP level 4. HP: 35/41 MP: 3/3
  1311 | D:3      | Found a shadowy altar of Dithmenos.
  1514 | D:3      | Found an oddly glowing altar of Pakellas.
  1727 | D:4      | Reached XP level 5. HP: 29/47 MP: 4/4
  1919 | D:4      | Reached skill level 5 in Fighting
  1982 | D:4      | Reached XP level 6. HP: 28/56 MP: 5/5
  2038 | D:4      | Reached skill level 5 in Maces & Flails
  2076 | D:4      | Found a staircase to the Ecumenical Temple.
  2077 | D:4      | Noticed Blork the orc
  2086 | D:4      | Killed Blork the orc
  2093 | Temple   | Entered the Ecumenical Temple
  2222 | D:4      | Found a sacrificial altar of Ru.
  2261 | D:4      | Reached *** piety under Trog
  2294 | D:4      | Reached XP level 7. HP: 23/62 MP: 6/6
  2843 | D:5      | Entered Level 5 of the Dungeon
  2913 | D:5      | Reached skill level 5 in Armour
  3125 | D:5      | Reached skill level 5 in Dodging
  3360 | D:5      | Found a stormy altar of Qazlal.
  4064 | D:5      | Reached XP level 8. HP: 41/71 MP: 7/7
  4476 | D:6      | HP: 2/71 [orc warrior/glaive (12)]
  4477 | D:6      | Demolished by an orc warrior

Skill      XL: |  1  2  3  4  5  6  7  8 |
---------------+-------------------------+-----
Fighting       | 4 5 6 |  6.9
Armour         | 3 4 5 6 |  6.1
Maces & Flails | 4 5 6 |  6.6
Dodging        | 3 4 5 6 |  6.0

Action                   |  1- 3 |  4- 6 |  7- 9 || total
-------------------------+-------+-------+-------++-------
Melee: Mace              |    65 |   123 |   130 ||   318
       Headbutt          |    11 |    20 |    38 ||    69
Invok: Trog's Hand       |       |     1 |     3 ||     4
 Stab: Sleeping          |     1 |     1 |       ||     2
       Paralysed         |       |     1 |       ||     1
  Eat: Chunk             |       |     5 |     5 ||    10
       Beef jerky        |       |       |     1 ||     1
Armor: Animal skin       |    13 |    16 |       ||    29
       Ring mail         |       |    25 |    47 ||    72
Dodge: Dodged            |    37 |    86 |    92 ||   215
